 Dungeon Crawl Stone Soup version 0.19-a0 (webtiles) character file.

6401 MovingMist the Cleaver (level 10, -4/81 HPs)
             Began as a Deep Dwarf Fighter on Apr 27, 2016.
             Was a High Priest of Makhleb.
             Succumbed to AnotherOne's ghost's poison
             ... on level 9 of the Dungeon on Apr 28, 2016.
             The game lasted 00:29:01 (7611 turns).

MovingMist the Cleaver (Deep Dwarf Fighter)         Turns: 7611, Time: 00:29:01

Health: -4/81      AC: 18    Str: 22    XL:     10   Next: 66%
Magic:  9/9        EV:  7    Int:  8    God:    Makhleb [*****.]
Gold:   481        SH:  0    Dex: 18    Spells: 2 memorised, 3 levels left

rFire  + . .     SeeInvis .     L - +0 battleaxe
rCold  . . .     Gourm    +     I - +1 storm dragon armour
rNeg   . . .     Faith    .     (shield currently unavailable)
rPois  .         Spirit   .     x - +1 helmet
rElec  +         Dismiss  .     h - +1 cloak
rCorr  .         Reflect  .     B - +1 pair of gloves
SustAt .         Harm     .     (no boots)
MR     +....                    F - amulet of the gourmand
Stlth  ..........               P - +4 ring of dexterity
                                c - ring of protection from fire

@: lethally poisoned (-4 -> -55), non-regenerating, somewhat resistant to
hostile enchantments, extremely unstealthy
A: damage resistance, recharge devices, sense surroundings 2, slow regeneration
3
a: Device Recharging, Minor Destruction, Lesser Servant of Makhleb, Major
Destruction, Greater Servant of Makhleb, Renounce Religion


You were on level 9 of the Dungeon.
You worshipped Makhleb.
Makhleb was extremely pleased with you.
You were full.

You visited 1 branch of the dungeon, and saw 9 of its levels.
You also visited: Sewer.

You collected 529 gold pieces.
You spent 48 gold pieces at shops.

Inventory:

Hand Weapons
 L - a +0 battleaxe (weapon)
Missiles
 g - a throwing net (quivered)
Armour
 h - a +1 cloak (worn)
 x - a +1 helmet (worn)
 B - a +1 pair of gloves (worn)
 I - a +1 storm dragon armour (worn)
Jewellery
 c - a ring of protection from fire (left hand)
 d - an uncursed ring of wizardry
 F - an amulet of the gourmand (around neck)
 P - a +4 ring of dexterity (right hand)
Wands
 e - a wand of heal wounds (7/9)
 q - a wand of disintegration (18/24)
 v - a wand of flame (0/48)
 D - a wand of digging (15/24)
 E - a wand of slowing (26/48)
 G - a wand of digging (15/24)
 M - a wand of confusion (17/48)
Scrolls
 s - a scroll of recharging
 u - 5 scrolls of remove curse
 y - 2 scrolls of fog
 H - 6 scrolls of teleportation
Potions
 b - a potion of haste {unknown}
 j - a potion of berserk rage
 k - 3 potions of brilliance
 l - 2 potions of resistance
 m - 5 potions of heal wounds
 n - a potion of degeneration {unknown}
 r - a potion of flight {unknown}
 w - 11 potions of curing
 z - 3 potions of agility {unknown}
 A - 2 potions of might
 C - a potion of beneficial mutation {unknown}
 J - a potion of magic {unknown}
Comestibles
 a - a royal jelly
 f - 7 bread rations
 i - 7 meat rations
 o - 2 beef jerkies
 p - 8 chunks of flesh
 t - 2 fruits


   Skills:
 - Level 2.6 Fighting
 * Level 13.0(14.6) Axes
   Level 9.9(12.0) Polearms
 - Level 3.2 Armour
   Level 3.2 Shields


You had 3 spell levels left.
You knew the following spells:

 Your Spells              Type           Power        Failure   Level  Hunger
a - Blink                 Tloc           N/A          100%        2    ###....
b - Passage of Golubria   Tloc           N/A          100%        4    #####..


Dungeon Overview and Level Annotations

Branches:
Dungeon (9/15)             Temple (0/1) D:7            Lair (0/8) D:9
    Orc: D:9-12

Altars:
Cheibriados
Elyvilon
Makhleb
Pakellas
Ru
Sif Muna
Trog
Vehumet

Shops:
D:5 *

Annotations:
D:9 AnotherOne's ghost, novice GrFi


Innate Abilities, Weirdness & Mutations

You are resistant to damage.
You can recharge devices by infusing magical energy.
You passively map the area around you.
You do not regenerate naturally.


Message History

* * * LOW HITPOINT WARNING * * *
You feel very sick.
AnotherOne's ghost hits you but does no damage.
You are more poisoned.
You closely miss AnotherOne's ghost.
AnotherOne's ghost is lightly damaged.
* * * LOW HITPOINT WARNING * * *
You feel very sick.
AnotherOne's ghost hits you but does no damage.
You are more poisoned.
You barely miss AnotherOne's ghost.
AnotherOne's ghost is lightly damaged.
* * * LOW HITPOINT WARNING * * *
You feel very sick. AnotherOne's ghost hits you!
* * * LOW HITPOINT WARNING * * *
You are more poisoned.
You closely miss AnotherOne's ghost.
AnotherOne's ghost is lightly damaged.
You die...

....).............# #.
.######...........# * ########.
.# ##...P.....## , #........ .#
####.....####, ,* #........ .#
#.###..###..# #........ .#
#...........#** * #........ .#
##########.########........ .#
, ..#.#......)#######. .# # *
#.#@#.......# #. ## #.
#.#W#.......########
*#####.#####...........'.......
#..........Z.#.#.......########
#..............#.......#
#.........[..###}......#
#............# #.......##
###............# #........#
..#...........[# ######..[#


You could see AnotherOne's ghost.

Vanquished Creatures
  Pikel (D:8)
  Psyche (D:9)
  A merfolk (D:9)
  2 two-headed ogres (D:8)
  2 trolls (D:9)
  Sigmund (D:2)
  Grum (D:9)
  4 yaks (D:9)
  Duvessa (D:6)
  An ice beast (D:8)
  2 orc warriors (D:8)
  3 slaves (D:8)
  4 ogres (D:4)
  3 phantoms
  4 wolves (D:9)
  A centaur (D:9)
  2 big kobolds
  8 giant frogs
  Dowan (D:6)
  2 scorpions
  3 killer bees (D:7)
  3 howler monkeys
  5 crimson imps
  A centaur zombie (D:6)
  4 hounds
  2 jellies
  2 orc priests
  Crazy Yiuf (D:7)
  A centaur skeleton (D:5)
  4 giant frog skeletons
  2 iguanas
  6 orc wizards
  5 worker ants
  A hound skeleton (D:7)
  9 adders
  9 river rats
  2 shadow imps
  3 oozes
  An adder skeleton (D:9)
  4 worms (D:3)
  A dart slug (D:1)
  6 giant geckos
  27 orcs
  5 ball pythons
  5 giant cockroaches
  7 hobgoblins
  12 jackals
  27 kobolds
  4 quokkas
  4 bats (D:1)
  A giant gecko zombie (D:6)
  5 giant newts
  6 goblins
  A jackal skeleton (D:4)
  A quokka skeleton (D:4)
  19 rats
  A fungus (D:7)
245 creatures vanquished.

Vanquished Creatures (others)
  A slave (D:8)
  An orc wizard (D:8)
  34 plants (D:9)
36 creatures vanquished.

Grand Total: 281 creatures vanquished

Notes
Turn   | Place    | Note
--------------------------------------------------------------
     0 | D:1      | MovingMist the Deep Dwarf Fighter began the quest for the Orb.
     0 | D:1      | Reached XP level 1. HP: 20/20 MP: 1/1
    54 | D:1      | Reached skill level 3 in Axes
    98 | D:1      | Reached XP level 2. HP: 25/27 MP: 2/2
   643 | D:2      | Reached skill level 4 in Axes
   643 | D:2      | Reached XP level 3. HP: 30/33 MP: 3/3
   702 | D:2      | Noticed Sigmund
   718 | D:2      | Killed Sigmund
   718 | D:2      | Reached skill level 6 in Axes
   718 | D:2      | Reached XP level 4. HP: 3/40 MP: 4/4
   718 | D:2      | Reached XP level 5. HP: 4/46 MP: 5/5
  1418 | D:3      | Found a white marble altar of Elyvilon.
  1615 | D:3      | Reached skill level 1 in Polearms
  1628 | D:3      | Found a burning altar of Makhleb.
  1628 | D:3      | Found a radiant altar of Vehumet.
  1632 | D:3      | Reached XP level 6. HP: 51/55 MP: 6/6
  1643 | D:3      | Became a worshipper of Makhleb the Destroyer
  1833 | D:3      | Found a glowing drain.
  1844 | Sewer    | Entered a sewer
  1978 | Sewer    | Reached * piety under Makhleb
  2171 | Sewer    | Reached ** piety under Makhleb
  2653 | D:4      | Found a sacrificial altar of Ru.
  2653 | D:4      | Found a deep blue altar of Sif Muna.
  2678 | D:4      | Reached XP level 7. HP: 61/61 MP: 7/7
  2702 | D:4      | Reached skill level 5 in Polearms
  2746 | D:4      | Found a sacrificial altar of Ru.
  2924 | D:4      | Found a bloodstained altar of Trog.
  3008 | D:4      | Reached *** piety under Makhleb
  3107 | D:5      | Entered Level 5 of the Dungeon
  3125 | D:5      | Reached XP level 8. HP: 42/68 MP: 7/7
  3372 | D:5      | Got a faintly glowing mace
  3374 | D:5      | Identified the +1 mace "Yrroteol" {holy, rElec MR+} (You found it on level 5 of the Dungeon)
  3679 | D:5      | Found Vaffom's General Store.
  3682 | D:5      | Bought a scroll of identify for 24 gold pieces
  3682 | D:5      | Bought a scroll of identify for 24 gold pieces
  4202 | D:6      | Learned a level 2 spell: Blink
  4207 | D:6      | Learned a level 4 spell: Passage of Golubria
  4280 | D:6      | Found a snail-covered altar of Cheibriados.
  4523 | D:6      | Noticed Dowan
  4524 | D:6      | Noticed Duvessa
  4535 | D:6      | Killed Duvessa
  4538 | D:6      | Killed Dowan
  4613 | D:6      | Reached **** piety under Makhleb
  5457 | D:7      | Gained mutation: You passively map the area around you. [Deep Dwarf growth]
  5457 | D:7      | Reached XP level 9. HP: 55/74 MP: 8/8
  5575 | D:7      | Found a staircase to the Ecumenical Temple.
  5959 | D:7      | Noticed Crazy Yiuf
  5966 | D:7      | Killed Crazy Yiuf
  6264 | D:8      | Found an oddly glowing altar of Pakellas.
  6283 | D:8      | Reached skill level 7 in Axes
  6347 | D:8      | Reached skill level 8 in Axes
  6388 | D:8      | Noticed Pikel
  6420 | D:8      | Killed Pikel
  6420 | D:8      | Reached skill level 9 in Axes
  6690 | D:8      | Reached skill level 10 in Axes
  6798 | D:9      | Reached ***** piety under Makhleb
  6876 | D:9      | Noticed Psyche
  6880 | D:9      | Noticed AnotherOne's ghost (novice GrFi)
  6993 | D:9      | Killed Psyche
  6993 | D:9      | Reached XP level 10. HP: 61/81 MP: 9/9
  7042 | D:9      | Reached skill level 11 in Axes
  7149 | D:9      | Reached skill level 12 in Axes
  7353 | D:9      | Noticed Grum
  7372 | D:9      | Killed Grum
  7536 | D:9      | Found a staircase to the Lair.
  7578 | D:9      | Reached skill level 13 in Axes
  7610 | D:9      | HP: 1/81 [AnotherOne's ghost (4)]
  7611 | D:9      | Succumbed to AnotherOne's ghost's poison

Vault maps used:
D:1:      minmay_arrival_solitary_statue, hangedman_feature_mirror
D:2:      first_bread, uniq_sigmund
D:3:      grunt_temple_overflow_lords_of_destruction, elyvilon_altar_5,
          gup_sewer_entry_bubbles
D:4:      bloody_trog, gammafunk_temple_overflow_elements, hangedman_ru_absence
D:5:      serial_shops, kennysheep_mini
D:6:      cheibriados_altar_wand_db, uniq_duvessa
D:7:      minmay_temple_entry_poolview, uniq_crazy_yiuf_cottage
D:8:      johnstein_pakellas_death_squad, uniq_pikel
D:9:      david_lair_shrubbed, hangedman_fish_farm, minmay_fountain_box,
          uniq_grum, uniq_psyche
Sewer:    sewer_minmay_treatment

Skill      XL: |  1  2  3  4  5  6  7  8  9 10 |
---------------+-------------------------------+-----
Axes           | 3 4 6 10 13 | 13.0
Polearms       | 1 4 6 9 |  9.9
Fighting       | |  2.6
Armour         | |  3.2
Shields        | |  3.2

Action                   |  1- 3 |  4- 6 |  7- 9 | 10-12 || total
-------------------------+-------+-------+-------+-------++-------
Melee: War axe           |    82 |    48 |       |       ||   130
       Trident           |       |   290 |   378 |       ||   668
       Mace              |       |       |     3 |       ||     3
       Battleaxe         |       |       |   118 |   187 ||   305
       Unarmed           |       |       |    11 |       ||    11
 Abil: Device Recharging |       |       |     1 |       ||     1
Evoke: Wand              |       |     4 |     4 |     1 ||     9
  Use: Potion            |     1 |       |       |       ||     1
       Scroll            |       |    10 |    12 |       ||    22
  Eat: Chunk             |       |     7 |    29 |       ||    36
Armor: Scale mail        |    52 |    22 |       |       ||    74
       Chain mail        |       |   184 |    73 |       ||   257
       Storm dragon armo |       |       |   193 |   138 ||   331
Dodge: Dodged            |    39 |    84 |   114 |    57 ||   294
Block: Shield            |    51 |   201 |   108 |       ||   360
